 Dungeon Sprint DCSS version 0.22-a0-858-g985ef60 (webtiles) character file.

6300000 protoss039 the Conqueror (level 27, -2/272 (273) HPs)
             Began as a Ghoul Warper on July 27, 2018.
             Was the Champion of Makhleb.
             Slain by a large bag of meat
             ... wielding a +9 giant spiked club
              (119 damage)
             ... in the Dungeon (Sprint VIII: "Arena of Blood").
             The game lasted 00:03:46 (63 turns).

protoss039 the Conqueror (Ghoul Warper)               Turns: 63, Time: 00:03:46

HP:   -2/272 (273)  AC:  6    Str: 19    XL:     27
MP:   18/53         EV: 32    Int:  8    God:    Makhleb [******]
Gold: 0             SH:  0    Dex: 17    Spells: 80/80 levels left

rFire    + . .     SeeInvis .   b - +∞ Axe of Woe
rCold    + . .     Gourm    .   (shield currently unavailable)
rNeg     + + +     Faith    .   a - +0 leather armour
rPois    ∞         Spirit   .   (no helmet)
rElec    .         Reflect  .   (no cloak)
rCorr    .         Harm     .   (no gloves)
MR       ++...     NoTele   +   (no boots)
Stlth    +++++++++.             (no amulet)
HPRegen  0.00/turn              k - ring of protection from fire
MPRegen  0.33/turn              (no ring)

@: rotting
A: rotting body, claws 1, carnivore, cold resistance 1, negative energy
resistance 3, inhibited regeneration, torment resistance, unbreathing
a: Minor Destruction, Lesser Servant of Makhleb, Major Destruction, Greater
Servant of Makhleb, Renounce Religion


You were in the Dungeon.
You worshipped Makhleb.
Makhleb was exalted by your worship.
You were not hungry.

You visited 1 branch

Inventory:

Hand Weapons
 b - the +∞ Axe of Woe (weapon)
   (You found it in the Dungeon)
Missiles
 d - 5 tomahawks of dispersal (quivered)
Armour
 a - a +0 leather armour (worn)
Jewellery
 k - a ring of protection from fire (left claw)
Scrolls
 c - 2 scrolls of blinking
Potions
 e - a potion of curing
 g - a potion of heal wounds
 h - a potion of haste
 i - 2 potions of magic
 j - a potion of berserk rage
Comestibles
 f - a ration


   Skills:
 O Level 27 Fighting
 O Level 27 Axes
 O Level 27 Throwing
 O Level 27 Armour
 O Level 27 Dodging
 O Level 27 Stealth
 O Level 27 Unarmed Combat
 O Level 27 Spellcasting
   Level 2.6 Translocations
 O Level 27 Invocations


You had 80 spell levels left.
You didn't know any spells.
Your spell library contained the following spells:

 Spells                   Type           Power        Failure   Level  Hunger
 Teleport Other           Tloc           ###.....     3%          3    None
 Blink                    Tloc           N/A          1%          2    None
 Passage of Golubria      Tloc           N/A          10%         4    ##.....
 Shroud of Golubria       Chrm/Tloc      ##........   2%          2    None
 Gell's Gravitas          Tloc           ###.......   3%          3    None
 Lesser Beckoning         Tloc           ###.......   3%          3    None


Dungeon Overview and Level Annotations

Branches:
Dungeon (1/1)

Altars:
Makhleb

Annotations:
D The Captor


Innate Abilities, Weirdness & Mutations

Your body is rotting away.
You thrive on raw meat.
You are immune to poison.
You have sharp fingernails.
You are carnivorous and can eat meat at any time.
Your flesh is cold resistant. (rC+)
You are immune to negative energy. (rN+++)
You do not regenerate when monsters are visible.
You are immune to unholy pain and torment.
You can survive without breathing.


Message History

The bag of meat hits you with a +9 war axe.
The bag of meat is engulfed in blazing flames.
The bag of meat shouts!
There is a web, spattered with blood here.
Things that are here:
a +9 war axe; a +30 ring of slaying; a bag of meat corpse Unknown command.
Unknown command.
Unknown command.
The web tears apart.
You hear a shout! x5
The bag of meat hits you with a +9 war axe!
You hear a shout! x3
The bag of meat completely misses you.
The meat berserker appears out of thin air!
A meat berserker comes into view. It is wielding a +9 battleaxe.
The bag of meat hits you with a +9 war axe!!
You hear a shout!
The large bag of meat hits you with a +9 giant spiked club!!!!
You die...

.o. #......# ..#
.......... ......# ..#
......O...##.....#
..###.§.........o....#
............o###o....#
................O....#
.#.......#.#...)o..))#
_#...........)))Oo)))#
.#.)))O)#)#.#)))@oo§§#
..))).))).).))))oo§§)#
.......).#)#)#..#o.§§#
..###..........#.....#
..#..........@%.#....#
..#.........L..#.....#
.....................#
......#...#......##..#
.....#o...#.....##


You could see a tyrant (wandering), 2 large bags of meat, The Captor, a meat
berserker (berserk) and 10 bags of meat.

Vanquished Creatures
  6 vampire knights (D)
  23 ogres (D)
  2 two-headed ogres (D)
  59 orcs (D)
90 creatures vanquished.

Notes
Turn   | Place    | Note
-------+----------+-------------------------------------------
     0 | D        | Found the +∞ Axe of Woe
     0 | D        | protoss039 the Ghoul Warper began the quest for the Orb.
     0 | D        | Reached XP level 1. HP: 17/17 MP: 2/2
     2 | D        | Noticed a meat berserker
     3 | D        | Killed a meat berserker
     3 | D        | Reached skill level 5 in Axes
     3 | D        | Reached skill level 5 in Throwing
     3 | D        | Reached skill level 5 in Armour
     3 | D        | Reached skill level 15 in Spellcasting
     3 | D        | Reached XP level 2. HP: 50/50 MP: 2/17
     3 | D        | Reached XP level 3. HP: 57/57 MP: 2/18
     3 | D        | Reached XP level 4. HP: 64/64 MP: 2/20
     3 | D        | Reached XP level 5. HP: 71/71 MP: 2/21
     3 | D        | Reached XP level 6. HP: 80/80 MP: 2/23
     3 | D        | Reached XP level 7. HP: 86/86 MP: 2/24
     3 | D        | Reached XP level 8. HP: 94/94 MP: 2/26
     3 | D        | Reached XP level 9. HP: 101/101 MP: 2/27
     3 | D        | Reached XP level 10. HP: 108/108 MP: 2/28
     3 | D        | Reached XP level 11. HP: 115/115 MP: 2/29
     3 | D        | Reached XP level 12. HP: 124/124 MP: 2/30
     3 | D        | Reached XP level 13. HP: 130/130 MP: 2/31
     3 | D        | Noticed a bag of meat
     3 | D        | Noticed a bag of meat
     4 | D        | Noticed a bag of meat
     4 | D        | Noticed a bag of meat
     5 | D        | Became a worshipper of Makhleb the Destroyer
     5 | D        | Noticed a bag of meat
     6 | D        | Noticed a meat berserker
     6 | D        | Noticed a meat berserker
     6 | D        | Noticed a bag of meat
     7 | D        | Noticed a bag of meat
     7 | D        | Noticed a meat berserker
     7 | D        | Noticed a meat berserker
     8 | D        | Killed a meat berserker
     8 | D        | Reached XP level 14. HP: 146/146 MP: 3/34
     9 | D        | Noticed a bag of meat
    10 | D        | Killed a meat berserker
    10 | D        | Reached * piety under Makhleb
    10 | D        | Reached XP level 15. HP: 74/157 MP: 3/37
    10 | D        | Reached skill level 10 in Axes
    10 | D        | Reached XP level 16. HP: 134/167 MP: 3/39
    10 | D        | Killed a meat berserker
    10 | D        | Noticed a meat berserker
    12 | D        | Noticed a meat berserker
    13 | D        | Killed a meat berserker
    13 | D        | Reached ** piety under Makhleb
    13 | D        | Reached XP level 17. HP: 181/183 MP: 4/42
    13 | D        | Reached skill level 15 in Axes
    13 | D        | Killed a meat berserker
    13 | D        | Reached XP level 18. HP: 196/196 MP: 4/45
    13 | D        | Reached *** piety under Makhleb
    15 | D        | Killed a meat berserker
    15 | D        | Reached skill level 27 in Fighting
    15 | D        | Reached skill level 10 in Armour
    15 | D        | Reached skill level 27 in Unarmed Combat
    15 | D        | Reached XP level 19. HP: 207/207 MP: 5/47
    15 | D        | Reached skill level 10 in Throwing
    15 | D        | Reached **** piety under Makhleb
    15 | D        | Reached skill level 27 in Spellcasting
    15 | D        | Noticed a meat berserker
    16 | D        | Noticed a meat berserker
    16 | D        | Noticed a meat berserker
    16 | D        | Noticed a meat berserker
    17 | D        | Noticed a meat berserker
    17 | D        | Noticed a meat berserker
    19 | D        | Killed a meat berserker
    19 | D        | Reached skill level 27 in Axes
    19 | D        | Reached XP level 20. HP: 196/216 MP: 6/50
    19 | D        | Reached skill level 27 in Dodging
    19 | D        | Noticed a meat berserker
    20 | D        | Killed a meat berserker
    20 | D        | Reached ***** piety under Makhleb
    20 | D        | Reached skill level 15 in Throwing
    20 | D        | Reached XP level 21. HP: 224/224 MP: 7/51
    20 | D        | Killed a meat berserker
    20 | D        | Reached skill level 27 in Armour
    22 | D        | Reached XP level 22. HP: 233/233 MP: 7/52
    25 | D        | Reached skill level 27 in Throwing
    25 | D        | Reached ****** piety under Makhleb
    25 | D        | Reached XP level 23. HP: 240/240 MP: 8/53
    26 | D        | Noticed a destroyer
    26 | D        | Noticed a large bag of meat
    28 | D        | Reached skill level 27 in Stealth
    28 | D        | Reached skill level 27 in Invocations
    28 | D        | Reached XP level 24. HP: 249/249 MP: 9/53
    29 | D        | Noticed a destroyer
    30 | D        | Killed a destroyer
    30 | D        | Reached XP level 25. HP: 257/257 MP: 10/53
    30 | D        | Noticed a destroyer
    32 | D        | Noticed a destroyer
    34 | D        | Reached XP level 26. HP: 266/266 MP: 11/53
    34 | D        | Noticed a destroyer
    35 | D        | Killed a destroyer
    36 | D        | Reached XP level 27. HP: 273/273 MP: 11/53
    38 | D        | Killed a destroyer
    39 | D        | Killed a large bag of meat
    41 | D        | Noticed a destroyer
    43 | D        | Noticed a large bag of meat
    47 | D        | Killed a destroyer
    48 | D        | Killed a destroyer
    52 | D        | Killed a large bag of meat
    54 | D        | Noticed a large bag of meat
    55 | D        | Killed a destroyer
    56 | D        | Noticed a destroyer
    57 | D        | Noticed a large bag of meat
    58 | D        | Noticed a dread
    58 | D        | Noticed The Captor
    61 | D        | Noticed a tyrant
    63 | D        | Slain by a large bag of meat

Vault maps used:
D:        meatsprint

Skill      XL: |  1  2  3  4  5  6  7  8  9 10 11 12 13 14 15 16 17 18 19 20 21 22 23 |
---------------+----------------------------------------------------------------------+-----
Fighting       | 16 19 20 21 24 26 27 | 27.0
Axes           | 5 7 9 10 14 17 20 27 | 27.0
Throwing       | 5 6 7 8 9 10 15 26 27 | 27.0
Armour         | 5 6 7 8 9 10 12 22 27 | 27.0
Dodging        | 14 16 18 20 22 23 25 27 | 27.0
Unarmed Combat | 16 19 21 24 26 27 | 27.0
Spellcasting   | 15 17 19 20 22 24 25 27 | 27.0
Stealth        | 25 27 | 27.0
Invocations    | 24 27 | 27.0
Translocations | |  2.6

Action                   |  1- 3 |  4- 6 |  7- 9 | 10-12 | 13-15 | 16-18 | 19-21 | 22-24 | 25-27 || total
-------------------------+-------+-------+-------+-------+-------+-------+-------+-------+-------++-------
Melee: Executioner's axe |     1 |       |       |       |     2 |     2 |     3 |     3 |    15 ||    26
Dodge: Dodged            |       |       |       |       |     1 |       |     2 |     1 |     9 ||    13

Table legend:
 A = Spawn XP
 B = Non-spawn XP
 C = Spawn XP percentage of total XP
 D = Spawn monster count
 E = Non-spawn monster count
 F = Spawn count percentage of total count
 G = Total turns spent on level
                    A         B        C        D         E        F      G
               +---------+---------+-------+---------+---------+-------+---------
         Total |       0 | 2347622 |   0.0 |       0 |      90 |   0.0 |    63
               +---------+---------+-------+---------+---------+-------+---------
             D |       0 | 2347622 |   0.0 |       0 |      90 |   0.0 |    63
               +---------+---------+-------+---------+---------+-------+---------
